 Dungeon Sprint DCSS version 0.27-a0-156-gbcd94eb011 (webtiles) character file.

Game seed: 3923780622088553494

728 mhtbhm the Martial Artist (level 7, -6/46 HPs)
             Began as an Octopode Transmuter on Jan 28, 2021.
             Was a Believer of Sif Muna.
             Mangled by a two-headed ogre
             ... wielding a +0 giant club
              (24 damage)
             ... in the Dungeon (Sprint IX: "|||||||||||||||||||||||||||||").
             The game lasted 00:01:22 (534 turns).

mhtbhm the Martial Artist (Octopode Transmuter)      Turns: 534, Time: 00:01:23

Health: -6/46      AC:  1    Str: 11    XL:     7   Next: 72%
Magic:  10/16      EV: 18    Int: 18    God:    Sif Muna [**....]
Gold:   0          SH:  0    Dex: 13    Spells: 4/19 levels left

rFire    . . .     SeeInvis .     - Unarmed
rCold    . . .     Faith    .   (shield currently unavailable)
rNeg     . . .     Spirit   .   (helmet restricted)
rPois    .         Reflect  .   (no amulet)
rElec    .         Harm     .   j - +2 ring of evasion
rCorr    .         Rampage  .   k - +3 ring of intelligence
Will     .....     NoTele   +   (no ring)
Stlth    +++.......             (no ring)
HPRegen  0.15/turn              (no ring)
MPRegen  0.15/turn              (no ring)
                                (no ring)
                                (no ring)

@: blade tentacles (expiring), wereblooded
A: almost no armour, stealthy swim, amphibious, 8 rings, constrict 8, camouflage
1, gelatinous body 1
a: End Transformation, Renounce Religion, Channel Magic


You were in the Dungeon.
You worshipped Sif Muna.
Sif Muna was pleased with you.
You had blades for tentacles.
You visited 1 branch

Inventory:

Jewellery
 j - a +2 ring of evasion (left scythe-like blade)
 k - a +3 ring of intelligence (right scythe-like blade)
Wands
 i - a wand of acid (10)
Scrolls
 f - 3 scrolls of remove curse
 g - 2 scrolls of blinking
 h - 2 scrolls of amnesia
Potions
 a - a potion of invisibility
 b - 5 potions of curing
 c - 2 potions of heal wounds
 d - a potion of haste
 e - 4 potions of magic


   Skills:
 * Level 3.6 Fighting
 + Level 5.3 Dodging
 - Level 1.7 Stealth
 + Level 11.8 Unarmed Combat
 + Level 6.5 Spellcasting
 + Level 6.8 Transmutations
 + Level 1.4 Ice Magic


You had 4 spell levels left.
You knew the following spells:

 Your Spells              Type           Power        Failure   Level
a - Beastly Appendage     Tmut           60%          13%         1
b - Wereblood             Tmut           30%          16%         2
c - Spider Form           Tmut/Pois      9%           43%         3
d - Ice Form              Ice/Tmut       20%          65%         4
e - Blade Hands           Tmut           15%          61%         5

Your spell library contained the following spells:

 Spells                   Type           Power        Failure   Level


Dungeon Overview and Level Annotations

Branches:
Dungeon (1/1)

Altars:
Cheibriados
Dithmenos
Elyvilon
Fedhas
Gozag
Hepliaklqana
Kikubaaqudgha
Makhleb
Nemelex Xobeh
Okawaru
Qazlal
Ru
Sif Muna
Trog
Uskayaw
Vehumet
Wu Jian
Xom
Yredelemnul
Zin
The Shining One
Beogh
Jiyva
Lugonu


Innate Abilities, Weirdness & Mutations

You cannot wear most types of armour.
You are very stealthy in the water. (Stealth+)
You are amphibious.
You can wear up to eight rings at the same time.
You can use your tentacles to constrict eight enemies at once.
Your skin changes colour to match your surroundings (Stealth+).
Your rubbery body absorbs attacks. (AC +1, EV +1)


Message History

You constrict the meliai, but do no damage.
The meliai closely misses you. The meliai stings you.
The meliai hits you with a cursed +0 hand axe.
The meliai completely misses you.
You slash the meliai!
You kill the meliai!
Sif Muna accepts your kill.
Your Fighting skill increases to level 3!
The two-headed ogre hits you with a +0 giant club!
The two-headed ogre misses you.
Things that are here:
a cursed +0 hand axe; a +0 leather armour You slice the two-headed ogre!!
You slash the two-headed ogre, but do no damage.
You squeeze the two-headed ogre!
The two-headed ogre is severely wounded.
The two-headed ogre hits you with a +0 giant club!
The two-headed ogre hits you with a +0 giant club!!
Ouch! That really hurt!
You die... ▓▓▓▓▓▓▓▓▓▓▓▓▓▓▓▓▓▓▓▓▓▓▓ +u{hcO@'....))÷..[[[.). ▓▓▓▓▓▓▓▓▓▓▓▓▓▓▓▓▓▓▓▓▓▓▓

You could see a green ugly thing, a two-headed ogre, a centaur and a hound.

Vanquished Creatures
  A meliai (D)
  A wyvern (D)
  2 centaurs (D)
  3 scorpions (D)
  A hound (D)
  An orc wizard (D)
  A shadow imp (D)
  A worm (D)
  A dart slug (D)
  A bat skeleton (D)
  A goblin (D)
  2 hobgoblins (D)
  A rat (D)
17 creatures vanquished.

Notes
Turn   | Place    | Note
-------+----------+-------------------------------------------
     0 | D        | mhtbhm the Octopode Transmuter began the quest for the Orb.
     0 | D        | Reached XP level 1. HP: 13/13 MP: 3/3
    18 | D        | Reached skill level 4 in Unarmed Combat
    20 | D        | Reached XP level 2. HP: 13/18 MP: 3/5
    44 | D        | Learned a level 2 spell: Wereblood
    98 | D        | Noticed a centaur
    98 | D        | Noticed a scorpion
    98 | D        | Noticed a scorpion
   108 | D        | Killed a scorpion
   109 | D        | Reached skill level 6 in Unarmed Combat
   109 | D        | Reached XP level 3. HP: 23/23 MP: 4/8
   109 | D        | Reached XP level 4. HP: 28/28 MP: 4/9
   111 | D        | Reached skill level 1 in Stealth
   111 | D        | Reached skill level 7 in Unarmed Combat
   114 | D        | Killed a centaur
   115 | D        | Reached skill level 9 in Unarmed Combat
   115 | D        | Reached XP level 5. HP: 33/33 MP: 4/12
   123 | D        | Found a roughly hewn altar of Beogh.
   123 | D        | Found a snail-covered altar of Cheibriados.
   123 | D        | Found a shadowy altar of Dithmenos.
   123 | D        | Found a white marble altar of Elyvilon.
   123 | D        | Found a blossoming altar of Fedhas.
   123 | D        | Found an opulent altar of Gozag.
   124 | D        | Found a hazy altar of Hepliaklqana.
   125 | D        | Found a viscous altar of Jiyva.
   126 | D        | Found an ancient bone altar of Kikubaaqudgha.
   127 | D        | Found a corrupted altar of Lugonu.
   128 | D        | Found a burning altar of Makhleb.
   129 | D        | Found a sparkling altar of Nemelex Xobeh.
   130 | D        | Found an iron altar of Okawaru.
   131 | D        | Found a stormy altar of Qazlal.
   132 | D        | Found a sacrificial altar of Ru.
   133 | D        | Found a shimmering blue altar of Sif Muna.
   134 | D        | Found a bloodstained altar of Trog.
   135 | D        | Found a hide-covered altar of Uskayaw.
   136 | D        | Found a radiant altar of Vehumet.
   137 | D        | Found an ornate altar of the Wu Jian Council.
   138 | D        | Found a shimmering altar of Xom.
   139 | D        | Found a basalt altar of Yredelemnul.
   140 | D        | Found a glowing silver altar of Zin.
   141 | D        | Became a worshipper of Sif Muna the Loreminder
   146 | D        | Learned a level 3 spell: Spider Form
   151 | D        | Learned a level 4 spell: Ice Form
   151 | D        | Found a glowing golden altar of the Shining One.
   202 | D        | Noticed a wyvern
   202 | D        | Noticed a centaur
   207 | D        | Reached skill level 5 in Spellcasting
   212 | D        | Reached XP level 6. HP: 38/38 MP: 5/13
   213 | D        | Reached * piety under Sif Muna
   214 | D        | Reached skill level 5 in Transmutations
   218 | D        | Reached skill level 10 in Unarmed Combat
   223 | D        | HP: 1/46 [wyvern (15)]
   224 | D        | Killed a wyvern
   224 | D        | Reached ** piety under Sif Muna
   225 | D        | Reached skill level 5 in Dodging
   225 | D        | Reached skill level 11 in Unarmed Combat
   225 | D        | Reached skill level 1 in Ice Magic
   225 | D        | Reached XP level 7. HP: 1/45 MP: 6/16
   527 | D        | Learned a level 5 spell: Blade Hands
   529 | D        | Noticed a green ugly thing
   529 | D        | Noticed a two-headed ogre
   529 | D        | Noticed a meliai
   532 | D        | Killed a meliai
   534 | D        | Mangled by a two-headed ogre

Illustrated notes

Levels and vault maps discovered:
D:        linesprint [early_d, line_temple, items_1, d_10, items_2, lair_1,
          lair_end, items_3, orc_1, orc_end, items_4, d_15, swamp_1, shoals_1,
          snake_1, spider_1, d_20, vaults_1, items_5, swamp_end, shoals_end,
          snake_end, spider_end, vaults_end, d_27, items_6, zot_1, zot_end,
          crypt_end, forest_end, elf_end, slime_end, tomb_end, abyss_end,
          pan_hell_end]

Skill      XL: |  1  2  3  4  5  6  7 |
---------------+----------------------+-----
Unarmed Combat | 4 6 9 11 | 11.8
Spellcasting   | 3 4 5 6 |  6.5
Transmutations | 3 4 6 |  6.8
Dodging        | 3 4 5 |  5.3
Stealth        | 1 |  1.7
Fighting       | 2 3 |  3.6
Ice Magic      | 1 |  1.4

Action                   |  1- 3 |  4- 6 |  7- 9 || total
-------------------------+-------+-------+-------++-------
Melee: Unarmed           |    20 |    25 |     3 ||    48
       Constrict         |     5 |     1 |     1 ||     7
       Tentacles         |     2 |     1 |     1 ||     4
       Kick              |     3 |     2 |       ||     5
       Punch             |       |       |     1 ||     1
 Cast: Wereblood         |     1 |     1 |     1 ||     3
       Beastly Appendage |     1 |       |       ||     1
       Ice Form          |       |     1 |       ||     1
       Blade Hands       |       |       |     1 ||     1
  Use: Potion            |     2 |       |       ||     2
 Stab: Distracted        |       |       |     1 ||     1
Armor: Skin              |     1 |     4 |       ||     5
Dodge: Dodged            |     9 |    11 |     3 ||    23

Table legend: (Time is in decaauts)
 A = Elapsed time spent in this place.
 B = Non-inter-level travel time spent in this place.
 C = Inter-level travel time spent in this place.
 D = Time resting spent in this place.
 E = Time spent auto-exploring this place.
 F = Levels seen in this place.
 G = Mean time per level.
                   A        B        C        D        E       F      G
               +--------+--------+--------+--------+--------+-----+--------+
         Total |    537 |    537 |      0 |    379 |      3 |   1 |  537.0 |
       Dungeon |    537 |    537 |      0 |    379 |      3 |   1 |  537.0 |
               +--------+--------+--------+--------+--------+-----+--------+

Top non-repeatable levels by time:
       D: 537 daAuts
